SR
MONTGOMERY BISCUITS @ BETHLEHEM ANGEL KITTIES
05/03/2042
 
TOP OF THE 1ST
Montgomery Biscuits batting - Pitching for Bethlehem Angel Kitties : RHP Jim Bennett
Pitching: RHP Jim Bennett
Batting: RHB Albert Monday 0-0: Ball
1-0: Called Strike
1-1: Ball
2-1: Fly out, F8 (Flyball, 8RD, EV 91.2 MPH)
Batting: RHB Bob Clark 0-0: Foul Ball, location: 2F
0-1: Foul Ball, location: 2F
0-2: Ball
1-2: Ball
2-2: Ball
3-2: Foul Ball, location: 2F
3-2: Foul Ball, location: 2F
3-2: Foul Ball, location: 2F
3-2: SINGLE (Groundball, 4MD, EV 94.4 MPH)
Batting: LHB Juan Martínez 0-0: Ball
1-0: Ball
2-0: Called Strike
2-1: Ball
3-1: Foul Ball, location: 2F
3-2: Strikes out looking
Batting: RHB Ming-an Yin 0-0: Ball
1-0: Fly out, F7 (Flyball, 78D, EV 105.6 MPH)
Top of the 1st over - 0 runs, 1 hit, 0 errors, 1 left on base; Montgomery 0 - Bethlehem 0
BOTTOM OF THE 1ST
Bethlehem Angel Kitties batting - Pitching for Montgomery Biscuits : RHP George Atwater
Pitching: RHP George Atwater
Batting: LHB Tse-peng Yei 0-0: Ball
1-0: Foul Ball, location: 2F
1-1: Ball
2-1: Foul Ball, location: 2F
2-2: Foul Ball, location: 2F
2-2: Ball
3-2: Ground out 6-3 (Groundball, 6, EV 101.2 MPH)
Batting: LHB Cam Nicholson 0-0: Ball
1-0: Swinging Strike
1-1: Called Strike
1-2: Foul Ball, location: 2F
1-2: Foul Ball, location: 2F
1-2: Foul Ball, location: 2F
1-2: Strikes out swinging
Batting: RHB Robbie McClellan 0-0: Ground out 1-3 (Groundball, 13, EV 85.6 MPH)
Bottom of the 1st over - 0 runs, 0 hits, 0 errors, 0 left on base; Montgomery 0 - Bethlehem 0
TOP OF THE 2ND
Montgomery Biscuits batting - Pitching for Bethlehem Angel Kitties : RHP Jim Bennett
Batting: LHB Pedro Delava 0-0: Ball
1-0: Foul Ball, location: 2F
1-1: Swinging Strike
1-2: Ground out 3-1 (Groundball, 34S, EV 67.5 MPH)
Batting: RHB Chad Holland 0-0: Called Strike
0-1: Ground out 5-3 (Groundball, 56S, EV 86.9 MPH)
Batting: RHB Michael Hawk 0-0: Foul Ball, location: 2F
0-1: Ball
1-1: Ball
2-1: Foul Ball, location: 2F
2-2: Ball
3-2: Base on Balls
Batting: RHB José Labandeira 0-0: Ball
1-0: Foul Ball, location: 2F
1-1: Ball
2-1: Swinging Strike
2-2: Fly out, F8 (Flyball, 78D, EV 90.6 MPH)
Top of the 2nd over - 0 runs, 0 hits, 0 errors, 1 left on base; Montgomery 0 - Bethlehem 0
BOTTOM OF THE 2ND
Bethlehem Angel Kitties batting - Pitching for Montgomery Biscuits : RHP George Atwater
Batting: LHB Ed Cotton 0-0: Ball
1-0: Called Strike
1-1: Ball
2-1: Ground out 6-3 (Groundball, 6M, EV 85.0 MPH)
Batting: RHB Hwui-ning Chen 0-0: Ball
1-0: Ball
2-0: Ball
3-0: Base on Balls
Batting: RHB Christian L'Écuyer 0-0: Ball
1-0: Grounds into double play, 5-4-3 (Groundball, 56S, EV 88.8 MPH)
Bottom of the 2nd over - 0 runs, 0 hits, 0 errors, 0 left on base; Montgomery 0 - Bethlehem 0
TOP OF THE 3RD
Montgomery Biscuits batting - Pitching for Bethlehem Angel Kitties : RHP Jim Bennett
Batting: LHB Jacob Hall 0-0: Ball
1-0: SINGLE (Line Drive, 8RS, EV 105.6 MPH)
Batting: RHB Albert Monday 0-0: Called Strike
0-1: Ball
1-1: Called Strike
1-2: Ball
2-2: Ball
3-2: SINGLE (Groundball, 4MD, EV 108.8 MPH)
Jacob Hall to second
Batting: RHB Bob Clark 0-0: Called Strike
0-1: Foul Ball, location: 2F
0-2: Ball
1-2: Ball
2-2: Strikes out looking
Batting: LHB Juan Martínez 0-0: Ball
1-0: Ball
2-0: Swinging Strike
2-1: Foul Ball, location: 2F
2-2: Ball
3-2: SINGLE (Groundball, 34D, EV 102.5 MPH)
Jacob Hall to third
Albert Monday to second
Batting: RHB Ming-an Yin 0-0: Ball
1-0: Ball
2-0: Foul Ball, location: 2F
2-1: Ball
3-1: Fly out, F8 (Flyball, 8RM, EV 88.1 MPH)
Runner from 3rd tags up, SCORES, throw by CF
Batting: LHB Pedro Delava 0-0: Called Strike
0-1: Ball
1-1: Ball
2-1: Foul Ball, location: 2F
2-2: Foul Ball, location: 2F
2-2: Strikes out swinging
Top of the 3rd over - 1 run, 3 hits, 0 errors, 2 left on base; Montgomery 1 - Bethlehem 0
BOTTOM OF THE 3RD
Bethlehem Angel Kitties batting - Pitching for Montgomery Biscuits : RHP George Atwater
Batting: RHB Kent Fowler 0-0: Ground out 6-3 (Groundball, 6, EV 82.5 MPH)
Batting: RHB Brody King 0-0: Ball
1-0: Ball
2-0: SINGLE (Flyball, 78M, EV 94.4 MPH)
Batting: RHB Wyatt Shepherd 0-0: Ball
1-0: Called Strike
1-1: Foul Ball, location: 2F
1-2: Grounds into double play, 5-4-3 (Groundball, 56S, EV 76.9 MPH)
Bottom of the 3rd over - 0 runs, 1 hit, 0 errors, 0 left on base; Montgomery 1 - Bethlehem 0
TOP OF THE 4TH
Montgomery Biscuits batting - Pitching for Bethlehem Angel Kitties : RHP Jim Bennett
Batting: RHB Chad Holland 0-0: Ball
1-0: Fly out, F8 (Flyball, 8LM, EV 79.4 MPH)
Batting: RHB Michael Hawk 0-0: SINGLE (Line Drive, 89M, EV 108.1 MPH)
Batting: RHB José Labandeira 0-0: SINGLE (Line Drive, 8LS, EV 108.8 MPH)
Michael Hawk to second
Batting: LHB Jacob Hall 0-0: Called Strike
0-1: Ball
1-1: Foul Ball, location: 2F
1-2: Strikes out swinging
Batting: RHB Albert Monday 0-0: Ball
1-0: Ball
2-0: Called Strike
2-1: Ball
3-1: Foul Ball, location: 2F
3-2: Fly out, F8 (Line Drive, 8LD, EV 103.8 MPH)
Top of the 4th over - 0 runs, 2 hits, 0 errors, 2 left on base; Montgomery 1 - Bethlehem 0
BOTTOM OF THE 4TH
Bethlehem Angel Kitties batting - Pitching for Montgomery Biscuits : RHP George Atwater
Batting: LHB Tse-peng Yei 0-0: Called Strike
0-1: Foul Ball, location: 2F
0-2: Ball
1-2: Foul Ball, location: 2F
1-2: Ground out 6-3 (Groundball, 6M, EV 108.1 MPH)
Batting: LHB Cam Nicholson 0-0: Fly out, F9 (Flyball, 9, EV 76.2 MPH)
Batting: RHB Robbie McClellan 0-0: Called Strike
0-1: Swinging Strike
0-2: SINGLE (Line Drive, 7LM, EV 109.4 MPH)
Batting: LHB Ed Cotton 0-0: Ball
1-0: Called Strike
1-1: Ball
2-1: Called Strike
2-2: Strikes out looking
Bottom of the 4th over - 0 runs, 1 hit, 0 errors, 1 left on base; Montgomery 1 - Bethlehem 0
TOP OF THE 5TH
Montgomery Biscuits batting - Pitching for Bethlehem Angel Kitties : RHP Jim Bennett
Batting: RHB Bob Clark 0-0: Foul Ball, location: 2F
0-1: Foul Ball, location: 2F
0-2: Ground out 6-3 (Groundball, 6, EV 87.5 MPH)
Batting: LHB Juan Martínez 0-0: Ball
1-0: Ball
2-0: Foul Ball, location: 2F
2-1: SOLO HOME RUN (Flyball, 78XD, EV 105.0 MPH), Distance : 397 ft
Batting: RHB Ming-an Yin 0-0: Fly out, F7 (Line Drive, 7D, EV 88.1 MPH)
Batting: LHB Pedro Delava 0-0: Ball
1-0: Ball
2-0: Foul Ball, location: 2F
2-1: Ball
3-1: Called Strike
3-2: Fly out, F8 (Flyball, 8LS, EV 85.6 MPH)
Top of the 5th over - 1 run, 1 hit, 0 errors, 0 left on base; Montgomery 2 - Bethlehem 0
BOTTOM OF THE 5TH
Bethlehem Angel Kitties batting - Pitching for Montgomery Biscuits : RHP George Atwater
Batting: RHB Hwui-ning Chen 0-0: Called Strike
0-1: Ball
1-1: Swinging Strike
1-2: Ball
2-2: Fly out, F8 (Flyball, 8RS, EV 89.4 MPH)
Batting: RHB Christian L'Écuyer 0-0: Ball
1-0: Foul Ball, location: 2F
1-1: Called Strike
1-2: Ball
2-2: SINGLE (Line Drive, 34D, EV 95.0 MPH)
Batting: RHB Kent Fowler 0-0: Ball
1-0: Called Strike
1-1: Single, Error in OF, E8, batter to second base (Line Drive, 4D, EV 98.1 MPH)
Christian L'Écuyer to third
Batting: RHB Brody King 0-0: Called Strike
0-1: Ball
1-1: SINGLE (Groundball, 56D, EV 103.8 MPH)
Christian L'Écuyer scores
Kent Fowler to third
Batting: RHB Wyatt Shepherd 0-0: Called Strike
0-1: Called Strike
Brody King is caught stealing 2nd base 2-4
0-2: Ball
1-2: Foul Ball, location: 2F
1-2: Foul Ball, location: 2F
1-2: Fly out, F3 (Popup, 3SF, EV 75.6 MPH)
Bottom of the 5th over - 1 run, 3 hits, 1 error, 1 left on base; Montgomery 2 - Bethlehem 1
TOP OF THE 6TH
Montgomery Biscuits batting - Pitching for Bethlehem Angel Kitties : RHP Jim Bennett
Pitching: LHP Joel Lewis
Batting: RHB Chad Holland 0-0: Ball
1-0: Ball
2-0: Ball
3-0: Foul Ball, location: 2F
3-1: Called Strike
3-2: Strikes out swinging, 2-3 out at first.
Batting: RHB Michael Hawk 0-0: Foul Ball, location: 2F
0-1: Called Strike
0-2: Ball
1-2: Ball
2-2: SINGLE (Groundball, 4MD, EV 102.5 MPH)
Batting: RHB José Labandeira 0-0: Called Strike
0-1: Fielders Choice at 2nd, 2-6 (Groundball, 13S, EV 70.6 MPH)
Batting: LHB Jacob Hall 0-0: Ground out U3 (Groundball, 3, EV 93.8 MPH)
Top of the 6th over - 0 runs, 1 hit, 0 errors, 1 left on base; Montgomery 2 - Bethlehem 1
BOTTOM OF THE 6TH
Bethlehem Angel Kitties batting - Pitching for Montgomery Biscuits : RHP George Atwater
Batting: LHB Tse-peng Yei 0-0: Called Strike
0-1: Foul Ball, location: 2F
0-2: Strikes out looking
Batting: LHB Cam Nicholson 0-0: Ball
1-0: Ball
2-0: Ball
3-0: Base on Balls
Batting: RHB Robbie McClellan 0-0: Ball
1-0: Ball
2-0: Called Strike
2-1: Ball
3-1: Base on Balls
Cam Nicholson to second
Batting: LHB Ed Cotton 0-0: Swinging Strike
0-1: Fly out, F7 (Flyball, 78XD, EV 95.0 MPH)
Runner from 2nd tags up, SAFE at 3rd, no throw by LF
Batting: RHB Hwui-ning Chen 0-0: Ball
1-0: Swinging Strike
1-1: Ball
2-1: Swinging Strike
2-2: Foul Ball, location: 2F
2-2: Fly out, F8 (Flyball, 8LD, EV 88.8 MPH)
Bottom of the 6th over - 0 runs, 0 hits, 0 errors, 2 left on base; Montgomery 2 - Bethlehem 1
TOP OF THE 7TH
Montgomery Biscuits batting - Pitching for Bethlehem Angel Kitties : LHP Joel Lewis
Batting: RHB Albert Monday 0-0: Foul Ball, location: 2F
0-1: Swinging Strike
0-2: Strikes out swinging
Batting: RHB Bob Clark 0-0: Ball
1-0: Foul Ball, location: 2F
1-1: Called Strike
1-2: Ball
2-2: Ball
3-2: Strikes out swinging, 2-3 out at first.
Batting: LHB Juan Martínez 0-0: Called Strike
0-1: Ball
1-1: Foul Ball, location: 2F
1-2: Foul Ball, location: 2F
1-2: Ball
2-2: SINGLE (Groundball, 6D, EV 94.4 MPH)
Batting: RHB Ming-an Yin 0-0: Ball
1-0: Called Strike
1-1: Ball
2-1: Ground out 2-3 (Groundball, 2L, EV 77.5 MPH)
Top of the 7th over - 0 runs, 1 hit, 0 errors, 1 left on base; Montgomery 2 - Bethlehem 1
BOTTOM OF THE 7TH
Bethlehem Angel Kitties batting - Pitching for Montgomery Biscuits : RHP George Atwater
Pitching: LHP Ye Zhou
Batting: RHB Christian L'Écuyer 0-0: Ball
1-0: Ball
2-0: Called Strike
2-1: Foul Ball, location: 2F
2-2: Foul Ball, location: 2F
2-2: Ball
3-2: Base on Balls
Batting: RHB Kent Fowler 0-0: Bunted foul
0-1: Bunted foul
0-2: Ball
1-2: Foul Ball, location: 2F
1-2: Fly out, F8 (Line Drive, 8RD, EV 92.5 MPH)
Pinch Hitting: RHB Dieter de Jong 0-0: Called Strike
0-1: Called Strike
0-2: Strikes out swinging
Batting: RHB Wyatt Shepherd 0-0: Foul Ball, location: 2F
0-1: Called Strike
0-2: Ball
1-2: Foul Ball, location: 2F
1-2: Strikes out swinging
Bottom of the 7th over - 0 runs, 0 hits, 0 errors, 1 left on base; Montgomery 2 - Bethlehem 1
TOP OF THE 8TH
Montgomery Biscuits batting - Pitching for Bethlehem Angel Kitties : LHP Joel Lewis
Now at 2B: Dieter de Jong
Batting: LHB Pedro Delava 0-0: Ball
1-0: Called Strike
1-1: Foul Ball, location: 2F
1-2: Foul Ball, location: 2F
1-2: Foul Ball, location: 2F
1-2: Foul Ball, location: 2F
1-2: Strikes out swinging
Batting: RHB Chad Holland 0-0: Ball
1-0: Foul Ball, location: 2F
1-1: Swinging Strike
1-2: Strikes out swinging
Batting: RHB Michael Hawk 0-0: Ball
1-0: Called Strike
1-1: Swinging Strike
1-2: Foul Ball, location: 2F
1-2: Strikes out swinging
Top of the 8th over - 0 runs, 0 hits, 0 errors, 0 left on base; Montgomery 2 - Bethlehem 1
BOTTOM OF THE 8TH
Bethlehem Angel Kitties batting - Pitching for Montgomery Biscuits : LHP Ye Zhou
Now in LF: Jae-keol Om
Batting: LHB Tse-peng Yei 0-0: Called Strike
0-1: Ball
1-1: Ball
2-1: Ground out 4-3 (Groundball, 4, EV 87.5 MPH)
Batting: LHB Cam Nicholson 0-0: SINGLE (Line Drive, 6MD, EV 95.6 MPH)
Pitching: RHP Félix Torres
Batting: RHB Robbie McClellan 0-0: Ball
Wild Pitch!
Cam Nicholson to second
1-0: Called Strike
1-1: Ball
2-1: SINGLE (Groundball, 6MD, EV 101.9 MPH)
Cam Nicholson to third
Throwing error, E8
Cam Nicholson scores
Robbie McClellan to second
Batting: LHB Ed Cotton 0-0: Intentional Walk
Batting: RHB Hwui-ning Chen 0-0: Foul Ball, location: 2F
0-1: Ball
1-1: Called Strike
1-2: Ball
2-2: Strikes out swinging
Pitching: LHP Brenden Cleverdon
Batting: RHB Christian L'Écuyer 0-0: Called Strike
0-1: Called Strike
0-2: Ball
1-2: Ball
2-2: Ball
3-2: Strikes out swinging
Bottom of the 8th over - 1 run, 2 hits, 1 error, 2 left on base; Montgomery 2 - Bethlehem 2
TOP OF THE 9TH
Montgomery Biscuits batting - Pitching for Bethlehem Angel Kitties : LHP Joel Lewis
Pinch Hitting: RHB Tadasu Sato 0-0: Ball
1-0: Ball
2-0: SINGLE (Line Drive, 78M, EV 83.1 MPH)
Pitching: RHP Cris Durán
Batting: LHB Jacob Hall 0-0: Bunt missed!
0-1: Sac Bunt to 13S - play at first, batter OUT! 1-4
Tadasu Sato to second
Pinch Hitting: RHB Soh Sasaki 0-0: Intentional Walk
Batting: RHB Bob Clark 0-0: Ball
1-0: Ball
2-0: Foul Ball, location: 2F
2-1: Foul Ball, location: 2F
2-2: Fielders Choice at 2nd, 6-4 (Groundball, 6, EV 91.2 MPH)
Tadasu Sato to third
Batting: LHB Juan Martínez Pickoff Throw to First - Out! 1-3
Top of the 9th over - 0 runs, 1 hit, 0 errors, 1 left on base; Montgomery 2 - Bethlehem 2
BOTTOM OF THE 9TH
Bethlehem Angel Kitties batting - Pitching for Montgomery Biscuits : LHP Brenden Cleverdon
Now at 1B: António Hernández
Now in CF: Chiel Spronck
Pinch Hitting: RHB Jim Ellis 0-0: Ball
1-0: Foul Ball, location: 2F
1-1: Swinging Strike
1-2: Strikes out swinging
Batting: RHB Dieter de Jong 0-0: Ball
1-0: Ground out 5-3 (Groundball, 56, EV 91.2 MPH)
Batting: RHB Wyatt Shepherd 0-0: Called Strike
0-1: Ball
1-1: Ball
2-1: Swinging Strike
2-2: Foul Ball, location: 2F
2-2: Foul Ball, location: 2F
2-2: Foul Ball, location: 2F
2-2: Fly out, F8 (Flyball, 8RXD, EV 92.5 MPH)
Bottom of the 9th over - 0 runs, 0 hits, 0 errors, 0 left on base; Montgomery 2 - Bethlehem 2
TOP OF THE 10TH
Montgomery Biscuits batting - Pitching for Bethlehem Angel Kitties : RHP Cris Durán
Now at C: Jay Dowling
Batting: LHB Juan Martínez 0-0: Fly out, F8 (Flyball, 78D, EV 100.6 MPH)
Batting: RHB Ming-an Yin 0-0: Called Strike
0-1: Ball
1-1: Ball
2-1: DOUBLE (Line Drive, 5D, EV 97.5 MPH)
Batting: LHB Pedro Delava 0-0: Intentional Walk
Batting: RHB Jae-keol Om 0-0: Called Strike
0-1: Ball
1-1: Ball
2-1: Called Strike
2-2: Ground out 4-3 (Groundball, 4S, EV 72.5 MPH)
Ming-an Yin to third
Pedro Delava to second
Batting: RHB Michael Hawk 0-0: Intentional Walk
Batting: RHB Chiel Spronck 0-0: Ball
Wild Pitch!
Ming-an Yin scores
Pedro Delava to third
Michael Hawk to second
1-0: Intentional Walk
Batting: LHB Jacob Hall 0-0: Called Strike
0-1: Swinging Strike
0-2: Ball
1-2: Ball
2-2: Foul Ball, location: 2F
2-2: Foul Ball, location: 2F
2-2: Strikes out swinging
Top of the 10th over - 1 run, 1 hit, 0 errors, 3 left on base; Montgomery 3 - Bethlehem 2
BOTTOM OF THE 10TH
Bethlehem Angel Kitties batting - Pitching for Montgomery Biscuits : LHP Brenden Cleverdon
Pitching: LHP Qu-bing Li
Pinch Hitting: SHB Toshiaki Watanabe 0-0: Swinging Strike
0-1: Swinging Strike
0-2: Fly out, F7 (Flyball, 78S, EV 86.9 MPH)
Batting: LHB Cam Nicholson 0-0: Called Strike
0-1: Ball
1-1: Foul Ball, location: 2F
1-2: Ground out 5-3 (Groundball, 5, EV 86.2 MPH)
Batting: RHB Robbie McClellan 0-0: Ball
1-0: Called Strike
1-1: Foul Ball, location: 2F
1-2: Ball
2-2: Reached on error, E4 (Groundball, 4, EV 83.8 MPH)
Batting: LHB Ed Cotton 0-0: Called Strike
0-1: Ball
1-1: Ground out U3 (Groundball, 3S, EV 80.0 MPH)
Bottom of the 10th over - 0 runs, 0 hits, 1 error, 1 left on base; Montgomery 3 - Bethlehem 2
Friday, March 26th, 2021 - OOTP Baseball 20.8 Build 74